AoeStats
← scjeff42

Golden Pit

508497078Analyzed
1v1 RM · 9d ago on Sep 22, 2026· 34m 53s· 2 players
Game mode
Random Map
Map size
Tiny (2 player)
Population
200
Speed
Normal
Resources
Standard
Victory
Conquest
Starting age
Dark Age
Ending age
Imperial Age
RankedLock teamsTeams togetherTeam positionsShared explorationLock speedFull tech treeHidden civsTurbo modeCheats
Victory
Defeat
🇫🇷 Gurjaras · France
947
+12
🇨🇦 Slavs · Canada
865
-12
scjeff42
8:22 Loom
10:41 Feudal Age
11:21 Double-Bit Axe
11:38 Horse Collar
17:36 Fletching
24:06 Castle Age
30:29 Imperial Age
28:55 Scale Mail Armor
31:23 Pikeman
32:40 Bodkin Arrow
GENTIL PANDA
8:39 Loom
10:45 Feudal Age
11:13 Loom
13:09 Double-Bit Axe
14:22 Fletching
20:39 Castle Age
20:05 Bloodlines
20:09 Scale Barding Armor
20:14 Forging
20:46 Horse Collar
20:57 Gold Mining
23:02 Wheelbarrow
22:51 Husbandry
23:36 Bow Saw
26:30 Elite Skirmisher
27:19 Padded Archer Armor
30:20 Hand Cart
29:51 Town Watch
30:08 Heavy Plow
31:15 Thumb Ring
33:28 Town Patrol
36:23 Imperial Age
35:23 Town Patrol
35:45 Chain Barding Armor
36:00 Iron Casting
35:21 Bodkin Arrow
35:41 Leather Archer Armor
Connection lost

Rejoining the realm…

Still unreachable

The connection could not be restored.

Session expired

The server has moved on; the page needs a fresh start.